 Dungeon Crawl Stone Soup version 0.21.1-1-g345015f (webtiles) character file.

235 sking99 the Conjurer (level 5, 0/38 HPs)
             Began as a Draconian Conjurer on June 17, 2018.
             Succumbed to an orc wizard's poison
             ... on level 3 of the Dungeon.
             The game lasted 00:24:45 (2462 turns).

sking99 the Conjurer (Draconian Conjurer)           Turns: 2462, Time: 00:24:45

Health: 0/38       AC:  5    Str: 10    XL:     5   Next: 76%
Magic:  11/11      EV: 12    Int: 17    God:
Gold:   77         SH:  0    Dex: 11    Spells: 6/12 levels left

rFire    . . .     SeeInvis .   q - +3 dagger (venom)
rCold    . . .     Gourm    .   (no shield)
rNeg     . . .     Faith    .   (armour unavailable)
rPois    .         Spirit   .   (helmet restricted)
rElec    .         Reflect  .   (no cloak)
rCorr    .         Harm     .   (no gloves)
MR       .....                  (no boots)
Stlth    ++........             (no amulet)
HPRegen  0.12/turn              (no ring)
MPRegen  0.12/turn              (no ring)

@: lethally poisoned (0 -> -2), very slightly contaminated
A: unfitting armour, cold-blooded, AC +5
a: no special abilities


You were on level 3 of the Dungeon.
You were hungry.

You visited 1 branch of the dungeon, and saw 3 of its levels.

You collected 77 gold pieces.

Inventory:

Hand Weapons
 d - a +0 whip of venom
 o - a +0 whip
 q - a +3 dagger of venom (weapon)
Jewellery
 f - a +3 ring of protection {unknown}
 j - an uncursed ring of fire {unknown}
Wands
 n - a wand of flame (23)
Scrolls
 c - a scroll of enchant weapon
 g - a scroll of remove curse
 h - 2 scrolls of identify
 i - a scroll of teleportation
Books
 a - a book of Conjurations

   Spells                             Type                      Level
   a - Magic Dart                     Conjuration                  1
   b - Searing Ray                    Conjuration                  2
   c - Dazzling Spray                 Conjuration/Hexes            3
   d - Fulminant Prism                Conjuration/Hexes            4
   e - Force Lance                    Conjuration/Translocation    4
   f - Iskenderun's Mystic Blast      Conjuration                  4
Comestibles
 b - 2 rations


   Skills:
 - Level 1.7 Dodging
 - Level 1.7 Stealth
 + Level 4.2 Spellcasting
 + Level 5.7 Conjurations


You had 6 spell levels left.
You knew the following spells:

 Your Spells              Type           Power        Failure   Level  Hunger
a - Magic Dart            Conj           ###.         1%          1    None
b - Searing Ray           Conj           ###...       2%          2    ##.....
c - Dazzling Spray        Conj/Hex       ##....       14%         3    ###....


Dungeon Overview and Level Annotations

Branches:
Dungeon (3/15)

Altars:
Yredelemnul
The Shining One


Innate Abilities, Weirdness & Mutations

Your plain brown scales are hard. (AC +5)
You cannot fit into any form of body armour.
You are cold-blooded and may be slowed by cold attacks.


Message History

You are very lightly contaminated with residual magic.
As you read the scroll labeled SOMIM LOPU, it crumbles to dust.
It was a scroll of blinking.
A kobold comes into view.
As you read the scroll labeled UVIAHO VIKIEXI, it crumbles to dust.
You assume a fearsome visage.
The kobold looks frightened!
It was a scroll of fear.
As you read the scroll labeled MOATWU ESAVVI, it crumbles to dust.
The scroll dissolves into smoke.
It was a scroll of fog.
* * * LOW HITPOINT WARNING * * *
You feel sick.
Casting: Magic Dart
Confirm with . or Enter, or press ? or * to list all spells.
You can't see any susceptible monsters within range! (Use Z to cast anyway.)
As you read the scroll of teleportation, it crumbles to dust.
You feel strangely unstable.
* * * LOW HITPOINT WARNING * * *
You feel sick.
Your surroundings suddenly seem different.
You die... .<##.#### ...[...@# #########

There were no monsters in sight!

Vanquished Creatures
  2 orc wizards (D:3)
  Terence (D:2)
  Robin (D:2)
  3 gnolls (D:2)
  2 adders (D:2)
  An ooze (D:1)
  3 worms (D:2)
  7 dart slugs
  A leopard gecko (D:2)
  3 orcs (D:3)
  4 giant cockroaches
  14 goblins
  7 hobgoblins
  6 jackals
  2 ball pythons
  7 bats
  4 kobolds
  8 rats
76 creatures vanquished.

Notes
Turn   | Place    | Note
-------+----------+-------------------------------------------
     0 | D:1      | sking99 the Draconian Conjurer began the quest for the Orb.
     0 | D:1      | Reached XP level 1. HP: 14/14 MP: 3/3
   108 | D:1      | Reached XP level 2. HP: 20/20 MP: 0/5
   765 | D:2      | Reached XP level 3. HP: 25/26 MP: 4/7
   822 | D:2      | Learned a level 2 spell: Searing Ray
   922 | D:2      | Noticed Terence
   928 | D:2      | Killed Terence
  1027 | D:2      | Reached XP level 4. HP: 33/33 MP: 2/8
  1204 | D:2      | Reached skill level 5 in Conjurations
  1274 | D:2      | Found a basalt altar of Yredelemnul.
  1279 | D:2      | Found a glowing golden altar of the Shining One.
  1372 | D:2      | Noticed a profane servitor
  1388 | D:2      | Noticed an angel
  1623 | D:2      | Noticed Robin
  1630 | D:2      | Killed Robin
  1630 | D:2      | Reached XP level 5. HP: 19/38 MP: 1/10
  1867 | D:2      | Learned a level 3 spell: Dazzling Spray
  2276 | D:3      | Found a faded altar of an unknown god.
  2459 | D:3      | HP: 1/38 [poisoned by an orc wizard]
  2462 | D:3      | Succumbed to an orc wizard's poison

Skill      XL: |  1  2  3  4  5 |
---------------+----------------+-----
Spellcasting   | 3 4 |  4.2
Conjurations   | 5 |  5.7
Dodging        | |  1.7
Stealth        | |  1.7

Action                   |  1- 3 |  4- 6 || total
-------------------------+-------+-------++-------
Melee: Whip              |    22 |    57 ||    79
       Tailslap          |     3 |     7 ||    10
       Dagger            |       |     3 ||     3
 Cast: Magic Dart        |    48 |    69 ||   117
       Searing Ray       |     3 |     3 ||     6
       Dazzling Spray    |       |     1 ||     1
  Use: Scroll            |       |     8 ||     8
       Potion            |       |     1 ||     1
 Stab: Sleeping          |     1 |       ||     1
  Eat: Chunk             |     1 |     4 ||     5
Armor: Skin              |     7 |    10 ||    17
Dodge: Dodged            |    14 |    39 ||    53
